 Dungeon Crawl Stone Soup version 0.29.1-12-g30fa7ad0bf (webtiles) character file.

Game seed: 5830561663936972261

3420 FexLirch the Basher (level 10, -9/77 HPs)
             Began as a Meteoran Fighter on Dec 16, 2022.
             Was a Believer of Makhleb.
             Mangled by a hornet (11 damage)
             ... while paralysed by a hornet
             ... on level 9 of the Dungeon.
             The game lasted 00:29:36 (3058 turns).

FexLirch the Basher (Meteoran Fighter)              Turns: 3058, Time: 00:29:36

Health: -9/77      AC:  8    Str: 22    XL:     10   Next: 49%
Magic:  0/17       EV:  2    Int: 10    God:    Makhleb [**....]
Gold:   443        SH:  0    Dex: 14    Spells: 6/9 levels left

rFire   + . .      SeeInvis .   B - +1 war axe (venom)
rCold   + . .      Faith    .   c - +0 buckler
rNeg    . . .      Spirit   +   b - +0 scale mail
rPois   .          Reflect  .   (no helmet)
rElec   .          Harm     .   o - scarf {rC+ rF+}
rCorr   .          Rampage  .   (no gloves)
Will    +....                   h - +0 pair of boots
Stlth   ..........              y - amulet of guardian spirit
HPRegen 0.22/turn               A - +4 ring of evasion
MPRegen 0.15/turn               (no ring)

@: paralysed, lethally poisoned (-9 -> -19), wereblooded, slowed, glowing
A: sense surroundings 2, otherworldly, glowing, explore regen
a: Renounce Religion, Minor Destruction


You were on level 9 of the Dungeon.
You worshipped Makhleb.
Makhleb was pleased with you.
You visited 2 branches of the dungeon, and saw 10 of its levels.

You collected 476 gold pieces.
You spent 33 gold pieces at shops.

Inventory:

Hand Weapons
 a - a +0 vorpal flail
 B - a +1 war axe of venom (weapon)
 C - a +1 whip of flaming
 D - a +0 halberd
Missiles
 t - 3 silver boomerangs (quivered)
Armour
 b - a +0 scale mail (worn)
 c - a +0 buckler (worn)
 h - a +0 pair of boots (worn)
 o - a scarf of resistance (worn)
Magical Staves
 j - a staff of earth
Jewellery
 y - an amulet of guardian spirit (around neck)
 A - a +4 ring of evasion (left hand)
Wands
 s - a wand of iceblast (7)
Scrolls
 e - 2 scrolls of brand weapon
 g - 3 scrolls of teleportation
 i - 3 scrolls of fear
 k - a scroll of butterflies
 l - 2 scrolls of torment {unknown}
 n - a scroll of magic mapping {unknown}
 p - 4 scrolls of identify {unknown}
 q - 2 scrolls of acquirement {unknown}
 u - a scroll of blinking {unknown}
 w - 3 scrolls of amnesia {unknown}
 x - 2 scrolls of enchant armour {unknown}
 E - a scroll of enchant weapon {unknown}
Potions
 d - 2 potions of might
 f - 2 potions of brilliance {unknown}
 m - 7 potions of curing
 r - a potion of attraction {unknown}
 v - a potion of cancellation {unknown}
 z - a potion of invisibility {unknown}


   Skills:
 - Level 3.2 Fighting
 * Level 14.0 Maces & Flails
 - Level 3.6 Armour
 - Level 3.6 Shields
 - Level 7.0 Transmutations
 + Level 8.5 Invocations


You had 6 spell levels left.
You knew the following spells:

 Your Spells              Type           Power      Damage    Failure   Level
a - Apportation           Tloc           0%         N/A       78%         1
b - Wereblood             Tmut           14%        N/A       11%         2

Your spell library contained the following spells:

 Spells                   Type           Power      Damage    Failure   Level
 Beastly Appendage        Tmut           28%        N/A       8%          1
 Spider Form              Tmut/Pois      7%         N/A       67%         3
 Ensorcelled Hibernation  Hex/Ice        0%         N/A       89%         2
 Anguish                  Hex/Necr       0%         N/A       100%        4
 Alistair's Intoxication  Tmut/Pois      4%         N/A       100%        5


Dungeon Overview and Level Annotations

Branches:
Dungeon (9/15) Zot: 2359   Temple (1/1) D:6 Zot: 565    Lair (0/5) D:9
    Orc: D:9-12

Altars:
Ashenzari
Cheibriados
Dithmenos
Elyvilon
Fedhas
Gozag
Hepliaklqana
Kikubaaqudgha
Makhleb
Okawaru
Qazlal
Ru
Sif Muna
Trog
Uskayaw
Vehumet
Wu Jian
Xom
Yredelemnul
The Shining One

Shops:
D:2 !!   D:3 *

Annotations:
D:2 exclusion: downstairs


Innate Abilities, Weirdness & Mutations

You passively map the area around you.
You are easily found by Zot.
You glow in the dark.
You regain HP and MP as you explore.


Message History

The manticore looks as sick as possible!
The manticore is almost dead.
You kill the manticore!
Makhleb accepts your kill.
You feel better.
Your Maces & Flails skill increases to level 14!
Your Invocations skill increases to level 8!
You now have 443 gold pieces (gained 10).
Things that are here:
a +0 halberd; a +0 plate armour; an orc corpse A hornet comes into view.
The hornet buzzes angrily.
Casting: Wereblood (safe; 11% risk of failure)
Confirm with . or Enter, or press ? or * to list all spells.
Your blood is infused with primal strength.
You hit the hornet.
The hornet is lightly wounded.
The hornet barely misses you.
You closely miss the hornet.
The hornet is lightly wounded.
The hornet closely misses you. The hornet stings you.
You are poisoned.
You feel yourself slow down.
You hit the hornet but do no damage.
The hornet is poisoned.
The hornet is lightly wounded.
You feel very sick. The hornet stings you!
You feel as though you will be slow longer.
The hornet stings you!
* * * LOW HITPOINT WARNING * * *
You suddenly lose the ability to move!
The hornet stings you but does no damage.
You feel sick. The hornet stings you!
* * * LOW HITPOINT WARNING * * *
You are lethally poisoned!
You feel as though you will be slow longer.
* * * LOW HITPOINT WARNING * * *
You feel very sick. The hornet stings you!
You die...

, * , , *, , ,, ,
........# * ,, , .......#
*,, , .###..*
*#......####* *.###..#
#..........,, , ** ###..#
#.......... , ,
######...# #.......... ,,
.#.#.#...#####).........
,, ,
..............).@y......
,
........>.).............
**
..........).............,
.........)).......>.....,
, *,
........................
.#..##..................
,
#..#.#..................
, ,
#####....#####..........
, , #* ..#...# ......, ,


You could see a hornet (very poisoned).

Vanquished Creatures
  A manticore (D:9)
  A kobold demonologist (D:7)
  A hornet (D:7)
  A slime creature (D:7)
  A wyvern (D:7)
  An acid dragon (D:9)
  A water moccasin (D:7)
  A black bear (D:5)
  2 orc warriors (D:9)
  An ice beast (D:7)
  A sky beast (D:7)
  3 kobold brigands
  2 bullfrogs (D:6)
  A necrophage (D:5)
  A scorpion (D:5)
  3 wights (D:9)
  4 killer bees (D:9)
  A howler monkey (D:7)
  2 gnoll boudas
  4 hounds
  A jelly (D:7)
  3 iguanas
  10 orc wizards
  Natasha (D:2)
  3 adders
  9 gnolls
  A shadow imp (D:4)
  A white imp (D:8)
  An ufetubus (D:6)
  2 worms
  A dart slug (D:2)
  22 orcs
  3 ball pythons (D:2)
  A bat (D:3)
  3 endoplasms
  2 giant cockroaches
  5 goblins
  2 hobgoblins
  2 jackals (D:2)
  10 kobolds
  2 quokkas
  2 frilled lizards
  2 rats (D:1)
122 creatures vanquished.

Notes
Turn   | Place    | Note
-------+----------+-------------------------------------------
     0 | D:1      | FexLirch the Meteoran Fighter began the quest for the Orb.
     0 | D:1      | Reached XP level 1. HP: 19/19 MP: 2/2
    22 | D:1      | Reached skill level 3 in Maces & Flails
    35 | D:1      | Reached XP level 2. HP: 24/26 MP: 3/3
   104 | D:1      | Learned a level 1 spell: Apportation
   218 | D:2      | Found Podaxe's Distillery.
   227 | D:2      | Found Quim's Distillery.
   234 | D:2      | Reached skill level 4 in Maces & Flails
   242 | D:2      | Bought a potion of curing for 33 gold pieces
   280 | D:2      | Reached XP level 3. HP: 31/31 MP: 4/4
   282 | D:2      | Found a faded altar of an unknown god.
   486 | D:2      | Noticed Natasha
   501 | D:2      | Killed Natasha
   502 | D:2      | Reached skill level 5 in Maces & Flails
   502 | D:2      | Reached XP level 4. HP: 20/38 MP: 5/5
   525 | D:5      | Entered Level 5 of the Dungeon
   607 | D:4      | Noticed an ogre
   607 | D:4      | Noticed a black bear
   695 | D:3      | Found a shimmering blue altar of Sif Muna.
   729 | D:3      | Reached skill level 6 in Maces & Flails
   857 | D:3      | Found a broken altar of Ashenzari.
   875 | D:3      | Reached XP level 5. HP: 18/45 MP: 6/6
  1088 | D:3      | Found Boohaf's Assorted Antiques.
  1121 | D:4      | Reached skill level 7 in Maces & Flails
  1151 | D:4      | Learned a level 2 spell: Wereblood
  1170 | D:4      | Reached XP level 6. HP: 45/51 MP: 7/7
  1473 | D:6      | Reached skill level 1 in Transmutations
  1482 | D:6      | Found a staircase to the Ecumenical Temple.
  1492 | Temple   | Entered the Ecumenical Temple
  1520 | Temple   | Became a worshipper of Makhleb the Destroyer
  1572 | D:6      | Reached skill level 1 in Invocations
  1621 | D:5      | Reached skill level 8 in Maces & Flails
  1621 | D:5      | Reached XP level 7. HP: 28/57 MP: 7/9
  1678 | D:5      | Found an ornate altar of the Wu Jian Council.
  1758 | D:5      | Reached skill level 9 in Maces & Flails
  1761 | D:5      | Found a shadowy altar of Dithmenos.
  1898 | D:6      | Reached XP level 8. HP: 56/63 MP: 11/11
  2270 | D:7      | Found a radiant altar of Vehumet.
  2272 | D:7      | Found a white marble altar of Elyvilon.
  2272 | D:7      | Found a hide-covered altar of Uskayaw.
  2273 | D:7      | Found an opulent altar of Gozag.
  2273 | D:7      | Found a bloodstained altar of Trog.
  2458 | D:7      | Found a basalt altar of Yredelemnul.
  2467 | D:7      | Reached skill level 10 in Maces & Flails
  2530 | D:7      | Found a sacrificial altar of Ru.
  2580 | D:7      | Noticed a wyvern
  2588 | D:7      | Killed a wyvern
  2589 | D:7      | Reached skill level 5 in Invocations
  2589 | D:7      | Gained mutation: You passively map the area around you.
                  | [Meteoran growth]
  2589 | D:7      | Reached XP level 9. HP: 37/70 MP: 6/13
  2652 | D:8      | Reached * piety under Makhleb
  2653 | D:8      | Reached skill level 5 in Transmutations
  2704 | D:7      | Reached skill level 11 in Maces & Flails
  2743 | D:7      | Noticed a hornet
  2744 | D:7      | Noticed a kobold demonologist
  2745 | D:7      | Noticed a slime creature
  2760 | D:7      | Killed a hornet
  2769 | D:7      | Killed a slime creature
  2770 | D:7      | Reached skill level 12 in Maces & Flails
  2771 | D:7      | Killed a kobold demonologist
  2781 | D:7      | Noticed a centaur warrior
  2781 | D:7      | Noticed a tengu conjurer
  2781 | D:7      | Noticed a troll
  2924 | D:8      | Reached XP level 10. HP: 77/77 MP: 14/16
  2991 | D:9      | Found a staircase to the Lair.
  3022 | D:9      | Reached skill level 13 in Maces & Flails
  3030 | D:9      | Reached ** piety under Makhleb
  3033 | D:9      | Noticed a manticore
  3048 | D:9      | Killed a manticore
  3049 | D:9      | Reached skill level 14 in Maces & Flails
  3056 | D:9      | Paralysed by a hornet for 3 turns
  3058 | D:9      | HP: 2/77 [poisoned by a hornet]
  3058 | D:9      | Mangled by a hornet

Illustrated notes

Levels and vault maps discovered:
D:1:      dpeg_arrival_rooms_c, layout_rooms
D:2:      layout_rooms, serial_shops, shop, shop,
          hellmonk_ecumenical_altar_zigzags, uniq_natasha
D:3:      layout_loops_ring, kennysheep_orc_sif_temple,
          mainiacjoe_overflow_small_starburst, serial_shops, shop,
          minmay_quantized, uniq_ijyb
D:4:      layout_rooms
D:5:      layout_basic, mainiacjoe_overflow_brackets,
          mainiacjoe_overflow_24_doors, kennysheep_generic_room_7
D:6:      layout_loops_cross, mainiacjoe_overflow_cross_hatched,
          minmay_temple_entry_junction, uniq_sigmund
D:7:      minmay_klotski, layout_loops_ring, amcnicky_altar_gilded,
          lemuel_doored_altar, grunt_temple_overflow_open
D:8:      wad_guarded_room, layout_cave_pools, general_overflow_altar
D:9:      layout_big_octagon, enter_bailey_3
Temple:   nicolae_temple_cloud_nine

Skill      XL: |  1  2  3  4  5  6  7  8  9 10 |
---------------+-------------------------------+-----
Maces & Flails | 3 4 5 6 7 8 9 10 12 14 | 14.0
Transmutations | 2 3 4 6 7 |  7.0
Invocations    | 1 3 5 7 8 |  8.5
Fighting       | |  3.2
Armour         | |  3.6
Shields        | |  3.6

Action                   |  1- 3 |  4- 6 |  7- 9 | 10-12 || total
-------------------------+-------+-------+-------+-------++-------
Melee: Flail             |    50 |   139 |   178 |    22 ||   389
       War axe           |       |       |     5 |    28 ||    33
Throw: Boomerang         |       |       |     1 |       ||     1
 Cast: Wereblood         |       |       |     6 |     3 ||     9
Evoke: Wand              |       |     1 |       |       ||     1
  Use: Scroll            |       |     4 |     1 |       ||     5
       Potion            |       |       |     2 |       ||     2
Armor: Scale mail        |    21 |    46 |    56 |    22 ||   145
Dodge: Dodged            |    15 |    53 |    61 |    34 ||   163
Block: Buckler           |    12 |    35 |    36 |    13 ||    96
